Map: Coda LE

Players

ViRuS

  • Race: Protoss Protoss
  • Spawn Location: 5:00

Gracz

  • Race: Terran Terran
  • Spawn Location: 11:00

VOD

Have the link to the VOD?

Description

Time

  • Played on: April 27, 2016, 11:22 a.m.
  • Length: 12:50
Show
View Real Time Build Order
Export as new Build Order

ViRuS Protoss 

Build Orders: Cannon Rush 

Get SALT Encoding   

  12  0:10  Pylon  
  12  0:30  Forge  
  12  1:05  Pylon  
  12  1:13  Photon Cannon  
  12  1:25  Photon Cannon  
  12  1:47  Photon Cannon  
  12  1:49  Photon Cannon  
  12  1:56  Pylon  
  12  2:17  Photon Cannon  
  12  2:21  Photon Cannon  
  12  2:38  Pylon  
  12  2:45  Probe (Chrono Boost)  
  13  2:56  Probe (Chrono Boost)  
  14  3:07  Probe (Chrono Boost)  
  14  3:09  Photon Cannon  
  15  3:17  Probe (Chrono Boost)  
  16  3:51  Pylon  
  16  4:03  Photon Cannon  
  16  4:07  Photon Cannon  
  16  4:12  Pylon  
  16  4:33  Photon Cannon  
  16  4:34  Photon Cannon  
  16  4:36  Photon Cannon  
  14  4:49  Pylon  
Show
View Real Time Build Order
Export as new Build Order

Gracz Terran 

Build Orders:  

Get SALT Encoding   

  12  0:06  SCV  
  13  0:18  SCV  
  14  0:31  SCV  
  15  1:00  Supply Depot x2  
  15  1:05  Supply Depot  
  15  1:29  Barracks  
  15  1:32  Barracks  
  15  1:42  Barracks  
  14  2:25  Command Center  
  14  2:27  Marine x2  
  16  2:30  Marine  
  16  2:44  Marine  
  16  2:45  Marine  
  16  2:48  Marine  
  13  3:02  Marine  
  13  3:03  Marine  
  12  3:06  Marine  
  12  3:20  Marine  
  12  3:21  Marine  
  14  4:16  Marine x2  
  13  4:39  Marine  
  11  4:50  Marine  
  4  5:12  Marine  
Tags
 
Add a new tag
Caveats
  • Supply blocks, unpowered buildings, or Contaminate may cause inaccurate times.
  • Supply counts are checked every 10 seconds.